Sasquatch vs Demolitions
(R2)
Created - October 22, 2018 at 19:26
Goals
|
| Sasquatch |
2 |
1 |
1 |
4 |
| Demolitions |
3 |
1 |
1 |
5 |
|
Shots
|
| Sasquatch |
11 |
14 |
8 |
33 |
| Demolitions |
9 |
20 |
5 |
34 |
|
1st period
1. Demolitions , Seth Helgeson 1 (Corban Knight 1, Garnet Hathaway 4) at 8:12 (PP)
2. Demolitions , Garnet Hathaway 3 (Michael Latta 5) at 12:18 (PP)
3. Sasquatch , Drew Shore 3 (Teemu Hartikainen 1) at 15:11
4. Demolitions , Erik Cole 4 (Michael Latta 6) at 15:15
5. Sasquatch , Melker Karlsson 1 (Matt Halischuk 2, Teemu Hartikainen 2) at 18:31
Penalties :
Garnet Hathaway (Vic) for High sticking (Minor) at 0:21, Jesper Fast (Gat) for Holding (Minor) at 7:59, Brock Trotter (Gat) for High sticking (Minor) at 12:16, Teemu Hartikainen (Gat) for Holding (Minor) at 13:06
2nd period
6. Sasquatch , Melker Karlsson 2 (Dougie Hamilton 3, Brock Trotter 3) at 2:59 (PP)
7. Demolitions , Cameron Schilling 1 (Michael Latta 7, Garnet Hathaway 5) at 13:49
Penalties :
Michael Latta (Vic) for Hooking (Minor) at 1:22, Michael Latta (Vic) for High sticking (Minor) at 4:48, Nick Shore (Vic) for Holding (Minor) at 11:10, Drew Shore (Gat) for Hooking (Minor) at 11:14
3rd period
8. Demolitions , Corban Knight 1 (Spencer Machacek 1) at 7:52
9. Sasquatch , Andrew Campbell 1 (Brock Trotter 4) at 11:19
Penalties :
Jeff Skinner (Gat) for Roughing (Minor) at 8:01, Andrew Campbell (Gat) for Slashing (Minor) at 9:06, Cameron Schilling (Vic) for Slashing (Minor) at 12:33
Goalie Stats
Corey Crawford (Gat), 29 saves from 34 shots - (0.853), L, 1-3-0, 58:50 minutes
Karri Ramo (Vic), 29 saves from 33 shots - (0.879), W, 2-1-0, 60:00 minutes
Players Stats for Sasquatch
Player Name G A P +/- PIM S H SB GA TA FO MP PP MP PK MP
------------------------------------------------------------------------------------
Andrew Campbell 1 0 1 1 2 2 1 0 1 0 1/1 14:45 0:00 0:50
Brock Trotter 0 2 2 1 2 3 4 0 0 0 0/0 14:26 4:00 0:42
Devin Shore 0 0 0 -1 0 3 0 1 0 0 3/8 8:02 0:00 0:51
Dougie Hamilton 0 1 1 0 0 2 1 4 0 1 0/0 29:18 4:51 3:43
Drew Shore 1 0 1 1 2 1 0 1 0 0 14/22 13:13 2:29 1:19
Jeff Skinner 0 0 0 -1 2 3 2 0 0 0 1/2 20:09 3:21 0:08
Jesper Fast 0 0 0 -1 2 2 3 1 0 0 2/3 19:05 3:26 0:00
Martin Marincin 0 0 0 0 0 0 0 1 0 2 0/0 4:05 0:37 0:00
Matt Halischuk 0 1 1 0 0 0 2 0 0 0 1/3 14:14 3:33 0:00
Melker Karlsson 2 0 2 0 0 3 2 0 0 1 1/7 16:26 3:41 1:05
Michael Stone 0 0 0 -1 0 2 2 3 0 0 0/0 21:19 2:10 0:21
Nicolas Deslauriers 0 0 0 1 0 0 0 0 0 0 1/1 13:09 0:17 2:56
Patrick Wey 0 0 0 1 0 3 3 2 1 0 0/0 28:02 4:43 3:52
Petr Straka 0 0 0 0 0 2 1 0 0 0 0/0 8:40 0:30 0:00
Sergey Kalinin 0 0 0 0 0 3 4 1 0 0 12/25 18:19 0:35 2:45
Slava Voynov 0 0 0 0 0 0 1 1 0 1 0/0 20:40 2:55 1:57
Sven Andrighetto 0 0 0 -1 0 2 0 0 0 0 0/0 10:27 0:00 0:00
Teemu Hartikainen 0 2 2 0 2 2 2 0 0 0 0/3 14:11 1:01 0:04
Players Stats for Demolitions
Player Name G A P +/- PIM S H SB GA TA FO MP PP MP PK MP
------------------------------------------------------------------------------------
Aaron Palushaj 0 0 0 -2 0 0 0 0 0 1 0/0 5:41 0:20 0:00
Andrej Nestrasil 0 0 0 0 0 2 0 0 0 0 6/8 11:06 0:20 2:11
Billy Sweat 0 0 0 0 0 1 0 0 0 0 0/0 8:00 0:00 0:00
Brandon McMillan 0 0 0 0 0 0 0 0 0 0 0/0 15:40 2:05 0:23
Cameron Schilling 1 0 1 2 2 4 1 1 0 0 0/0 20:11 0:00 3:23
Corban Knight 1 1 2 0 0 5 2 0 0 0 8/19 19:33 2:09 3:15
Dmitri Orlov 0 0 0 -1 0 1 0 0 0 0 0/0 9:16 1:14 0:49
Erik Cole 1 0 1 1 0 3 1 0 0 0 0/0 24:09 2:53 3:52
Garnet Hathaway 1 2 3 2 2 5 3 0 0 0 2/2 20:57 3:10 0:21
Joel Vermin 0 0 0 -1 0 1 1 0 0 0 0/1 11:45 1:48 0:00
Jonathan Blum 0 0 0 -3 0 3 1 2 2 0 0/0 29:42 2:56 3:26
Justin Falk 0 0 0 2 0 4 0 4 2 0 0/0 24:05 2:26 4:17
Lane MacDermid 0 0 0 -1 0 2 1 2 1 0 0/0 10:58 0:24 3:02
Michael Latta 0 3 3 1 4 2 2 0 0 0 20/41 23:08 2:53 2:00
Nick Shore 0 0 0 -1 2 0 0 0 0 0 3/3 5:53 0:04 0:12
Robert Bortuzzo 0 0 0 1 0 0 2 1 0 0 0/0 7:07 0:00 0:00
Seth Helgeson 1 0 1 -1 0 1 3 2 0 1 0/0 29:40 4:08 3:21
Spencer Machacek 0 1 1 1 0 0 2 0 0 0 0/1 13:31 0:00 0:00
3 Stars
1 - Garnet Hathaway (Vic)
2 - Melker Karlsson (Gat)
3 - Corban Knight (Vic)
Power Play
Sasquatch - 1 on 5 Attempt(s) - 20.00%
Demolitions - 2 on 6 Attempt(s) - 33.33%
Penalty Kill
Sasquatch - 4 on 6 Attempt(s) - 66.67%
- Score 0 goal in Penalty Kill
Demolitions - 4 on 5 Attempt(s) - 80.00%
- Score 0 goal in Penalty Kill
Team Stat
Sasquatch - Hits : 28 - Faceoff Wins : 36 - Blocked Shots : 15 - Penalty Minutes : 12
Demolitions - Hits : 19 - Faceoff Wins : 39 - Blocked Shots : 12 - Penalty Minutes : 10
Official
Referees : Unknown
Linesman : Unknown
Game Notes
Martin Marincin is injured at 13:02 of 1st period (Right Leg)
Drew Shore is injured at 16:37 of 2nd period (Sports Hernia)
Devin Shore is injured at 3:10 of 3rd period (Strained Right Knee)
Finance
Level 1 -- Attendance: 1397 (69.85%) -- Ticket Income $36,322
Level 2 -- Attendance: 687 (68.70%) -- Ticket Income $6,183
Total Attendance: 2084 (69.47%)
Total Ticket Income: $42,505
Other Income: $2,125
Total Income: $44,630
Sasquatch
5 vs 5 Forward
Center Left Wing Right Wing Time % Phy DF OF
1 Drew Shore Jeff Skinner Jesper Fast 40 1 2 2
2 Melker Karlsson Teemu Hartikainen Matt Halischuk 30 1 2 2
3 Sergey Kalinin Brock Trotter Petr Straka 20 1 2 2
4 Devin Shore Nicolas Deslauriers Sven Andrighetto 10 1 2 2
5 vs 5 Defense
Defense Defense Time % Phy DF OF
1 Patrick Wey Dougie Hamilton 40 1 2 2
2 Martin Marincin Slava Voynov 30 1 2 2
3 Michael Stone Andrew Campbell 20 1 2 2
4 Patrick Wey Dougie Hamilton 10 1 2 2
PowerPlay Forward
Center Left Wing Right Wing Time % Phy DF OF
1 Drew Shore Jeff Skinner Matt Halischuk 60 1 2 2
2 Melker Karlsson Brock Trotter Jesper Fast 40 1 2 2
PowerPlay Defense
Defense Defense Time % Phy DF OF
1 Patrick Wey Dougie Hamilton 60 1 2 2
2 Martin Marincin Slava Voynov 40 1 2 2
Penalty Kill 4 Players Forward
Center Wing Time % Phy DF OF
1 Drew Shore Nicolas Deslauriers 60 1 2 2
2 Sergey Kalinin Teemu Hartikainen 40 1 2 2
Penalty Kill 4 Players Defense
Defense Defense Time % Phy DF OF
1 Patrick Wey Dougie Hamilton 60 1 2 2
2 Martin Marincin Slava Voynov 40 1 2 2
Penalty Kill - 3 Players Forward
Forward Time % Phy DF OF
1 Sergey Kalinin 60 1 2 2
2 Drew Shore 40 1 2 2
Penalty Kill - 3 Players Defense
Defense Defense Time % Phy DF OF
1 Patrick Wey Dougie Hamilton 60 1 2 2
2 Martin Marincin Slava Voynov 40 1 2 2
4 vs 4 Forward
Center Wing Time % Phy DF OF
1 Jeff Skinner Drew Shore 60 1 2 2
2 Matt Halischuk Brock Trotter 40 1 2 2
4 vs 4 Defense
Defense Defense Time % Phy DF OF
1 Patrick Wey Dougie Hamilton 60 1 2 2
2 Martin Marincin Slava Voynov 40 1 2 2
Last Minutes Offensive
Center Left Wing Right Wing Defense Defense
Drew Shore Jeff Skinner Jesper Fast Patrick Wey Dougie Hamilton
Last Minutes Defensive
Center Left Wing Right Wing Defense Defense
Drew Shore Jeff Skinner Jesper Fast Patrick Wey Dougie Hamilton
Goaltenders
Starting : Corey Crawford
Backup : Joonas Korpisalo
Extra Forwards
Normal : Sergey Kalinin, Teemu Hartikainen, Devin Shore - PP : Sergey Kalinin, Teemu Hartikainen - PK : Devin Shore
Extra Defensemen
Normal : Michael Stone, Andrew Campbell, Martin Marincin - PP : Michael Stone - PK : Andrew Campbell, Martin Marincin
Penalty Shots
Jeff Skinner, Melker Karlsson, Devin Shore, Petr Straka, Matt Halischuk
Scratches
Ryan Dzingel (Healthy), T.J. Tynan (Healthy), Ty Rattie (Healthy), Brett Pesce (Healthy), Joey Laleggia (Healthy)
Cal Petersen (Healthy)
Demolitions
5 vs 5 Forward
Center Left Wing Right Wing Time % Phy DF OF
1 Michael Latta Erik Cole Garnet Hathaway 54 0 0 5
2 Corban Knight Brandon McMillan Spencer Machacek 31 0 2 3
3 Andrej Nestrasil Billy Sweat Joel Vermin 10 0 3 2
4 Nick Shore Lane MacDermid Aaron Palushaj 5 0 3 2
5 vs 5 Defense
Defense Defense Time % Phy DF OF
1 Jonathan Blum Seth Helgeson 53 0 1 4
2 Cameron Schilling Justin Falk 34 0 0 5
3 Robert Bortuzzo Dmitri Orlov 10 0 3 2
4 Jonathan Blum Justin Falk 3 0 3 2
PowerPlay Forward
Center Left Wing Right Wing Time % Phy DF OF
1 Michael Latta Erik Cole Garnet Hathaway 60 0 0 5
2 Corban Knight Brandon McMillan Garnet Hathaway 40 0 0 5
PowerPlay Defense
Defense Defense Time % Phy DF OF
1 Jonathan Blum Seth Helgeson 60 0 0 5
2 Seth Helgeson Justin Falk 40 0 0 5
Penalty Kill 4 Players Forward
Center Wing Time % Phy DF OF
1 Michael Latta Erik Cole 60 1 2 2
2 Corban Knight Garnet Hathaway 40 1 2 2
Penalty Kill 4 Players Defense
Defense Defense Time % Phy DF OF
1 Justin Falk Cameron Schilling 60 1 2 2
2 Seth Helgeson Jonathan Blum 40 1 2 2
Penalty Kill - 3 Players Forward
Forward Time % Phy DF OF
1 Michael Latta 60 1 2 2
2 Erik Cole 40 1 2 2
Penalty Kill - 3 Players Defense
Defense Defense Time % Phy DF OF
1 Justin Falk Cameron Schilling 60 1 2 2
2 Cameron Schilling Jonathan Blum 40 1 2 2
4 vs 4 Forward
Center Wing Time % Phy DF OF
1 Michael Latta Garnet Hathaway 60 1 2 2
2 Corban Knight Spencer Machacek 40 1 2 2
4 vs 4 Defense
Defense Defense Time % Phy DF OF
1 Jonathan Blum Seth Helgeson 60 1 2 2
2 Cameron Schilling Justin Falk 40 1 2 2
Last Minutes Offensive
Center Left Wing Right Wing Defense Defense
Michael Latta Erik Cole Garnet Hathaway Jonathan Blum Seth Helgeson
Last Minutes Defensive
Center Left Wing Right Wing Defense Defense
Michael Latta Erik Cole Garnet Hathaway Jonathan Blum Justin Falk
Goaltenders
Starting : Karri Ramo
Backup : Connor Hellebyuk
Extra Forwards
Normal : Garnet Hathaway, Erik Cole, Michael Latta - PP : Garnet Hathaway, Erik Cole - PK : Michael Latta
Extra Defensemen
Normal : Jonathan Blum, Cameron Schilling, Dmitri Orlov - PP : Jonathan Blum - PK : Justin Falk, Cameron Schilling
Penalty Shots
Spencer Machacek, Brandon McMillan, Michael Latta, Garnet Hathaway, Erik Cole
Scratches
Alex Hutchings (Healthy), Ryan Olsen (Healthy), Thomas DiPauli (Healthy), JC Lipon (Healthy), Derek Forbort (Healthy)
Taylor Aronson (Healthy), Taylor Leier (Healthy), Colton Sceviour (Healthy), Nick Pryor (Healthy), Jake Paterson (Healthy)
% Time on Ice - Sasquatch
Lines # - Real PCT - Wanted PCT - Time Play
Normal Forward
1 - 37% - 40% - 16:23
2 - 28% - 30% - 12:15
3 - 15% - 20% - 6:47
4 - 19% - 10% - 8:25
Normal Defense
1 - 36% - 40% - 15:53
2 - 37% - 30% - 16:24
3 - 24% - 20% - 10:20
4 - 3% - 10% - 1:13
PP Forward
1 - 55% - 60% - 4:12
2 - 45% - 40% - 3:26
PP Defense
1 - 62% - 60% - 4:43
2 - 38% - 40% - 2:55
PK Forward
1 - 81% - 60% - 3:37
2 - 19% - 40% - 0:51
PK Defense
1 - 57% - 60% - 2:32
2 - 43% - 40% - 1:56
PK3 Forward
1 - 78% - 60% - 0:42
2 - 22% - 40% - 0:12
PK3 Defense
1 - 59% - 60% - 0:32
2 - 41% - 40% - 0:22
44 Forward
1 - 100% - 60% - 1:55
2 - 0% - 40% - 0:00
44 Defense
1 - 46% - 60% - 0:53
2 - 54% - 40% - 1:02
Last Minute Offensive - 1:15
Last Minute Defensive - 0:00
Total
Forward - 60:00
Defense - 60:00
|
% Time on Ice - Demolitions
Lines # - Real PCT - Wanted PCT - Time Play
Normal Forward
1 - 36% - 54% - 15:37
2 - 35% - 31% - 15:23
3 - 18% - 10% - 7:44
4 - 12% - 5% - 5:07
Normal Defense
1 - 47% - 53% - 20:38
2 - 37% - 34% - 16:22
3 - 16% - 10% - 6:51
4 - 0% - 3% - 0:00
PP Forward
1 - 61% - 60% - 3:17
2 - 39% - 40% - 2:05
PP Defense
1 - 55% - 60% - 2:56
2 - 45% - 40% - 2:26
PK Forward
1 - 84% - 60% - 6:26
2 - 16% - 40% - 1:12
PK Defense
1 - 57% - 60% - 4:21
2 - 43% - 40% - 3:17
PK3 Forward
1 - 0% - 60%
2 - 0% - 40%
PK3 Defense
1 - 0% - 60%
2 - 0% - 40%
44 Forward
1 - 78% - 60% - 1:30
2 - 22% - 40% - 0:25
44 Defense
1 - 59% - 60% - 1:08
2 - 41% - 40% - 0:47
Last Minute Offensive - 0:00
Last Minute Defensive - 1:14
Total
Forward - 60:00
Defense - 60:00
|
Play by Play
1st period
0:01 of 1st period - Michael Latta wins face-off versus Drew Shore in neutral zone.
0:12 of 1st period - Erik Cole is hit by Jesper Fast and loses puck.
0:21 of 1st period - Minor Penalty to Garnet Hathaway for High sticking.
0:22 of 1st period - Michael Latta wins face-off versus Drew Shore in Demolitions zone.
1:14 of 1st period - Snap shot by Erik Cole.
1:14 of 1st period - Shot Misses the Net.
2:21 of 1st period - Penalty to Garnet Hathaway is over, Garnet Hathaway is back on ice.
2:27 of 1st period - Snap shot by Garnet Hathaway.
2:27 of 1st period - Shot Misses the Net.
2:41 of 1st period - Snap shot by Nicolas Deslauriers.
2:41 of 1st period - Deflect By Jonathan Blum.
2:41 of 1st period - Shot Blocked by Jonathan Blum.
2:41 of 1st period - Puck is out of play.
2:42 of 1st period - Andrej Nestrasil wins face-off versus Sergey Kalinin in Demolitions zone.
3:05 of 1st period - Martin Marincin is hit by Garnet Hathaway and loses puck.
3:34 of 1st period - Cameron Schilling is hit by Jeff Skinner and loses puck.
3:39 of 1st period - Wrist shot by Jeff Skinner.
3:39 of 1st period - Stopped by Karri Ramo without a rebound.
3:40 of 1st period - Drew Shore wins face-off versus Michael Latta in Demolitions zone.
4:29 of 1st period - Backhand shot by Sergey Kalinin.
4:29 of 1st period - Shot Misses the Net.
4:53 of 1st period - Slapshot by Jeff Skinner.
4:53 of 1st period - Stopped by Karri Ramo with a rebound.
5:00 of 1st period - Icing by Cameron Schilling.
5:01 of 1st period - Michael Latta wins face-off versus Devin Shore in Demolitions zone.
5:55 of 1st period - Wrist shot by Melker Karlsson.
5:55 of 1st period - Shot Misses the Net.
5:57 of 1st period - Slapshot by Matt Halischuk.
5:57 of 1st period - Deflect By Teemu Hartikainen.
5:57 of 1st period - Shot Misses the Net.
5:57 of 1st period - Puck is out of play.
5:58 of 1st period - Michael Latta wins face-off versus Melker Karlsson in Demolitions zone.
6:07 of 1st period - Slapshot by Garnet Hathaway.
6:07 of 1st period - Shot Blocked by Dougie Hamilton.
6:09 of 1st period - Slapshot by Seth Helgeson.
6:09 of 1st period - Shot Blocked by Patrick Wey.
6:11 of 1st period - Slapshot by Garnet Hathaway.
6:11 of 1st period - Stopped by Corey Crawford with a rebound.
6:13 of 1st period - Slapshot by Jonathan Blum.
6:13 of 1st period - Stopped by Corey Crawford without a rebound.
6:14 of 1st period - Drew Shore wins face-off versus Corban Knight in Sasquatch zone.
6:50 of 1st period - Wrist shot by Melker Karlsson.
6:50 of 1st period - Stopped by Karri Ramo with a rebound.
7:32 of 1st period - Wrist shot by Petr Straka.
7:32 of 1st period - Stopped by Karri Ramo without a rebound.
7:33 of 1st period - Jesper Fast wins face-off versus Corban Knight in Demolitions zone.
7:38 of 1st period - Snap shot by Jesper Fast.
7:38 of 1st period - Shot Misses the Net.
7:59 of 1st period - Minor Penalty to Jesper Fast for Holding.
8:00 of 1st period - Corban Knight wins face-off versus Drew Shore in Sasquatch zone.
8:12 of 1st period - Wrist shot by Seth Helgeson.
8:12 of 1st period - Goal by Seth Helgeson - Sasquatch : 0 - Demolitions : 1.
8:13 of 1st period - Michael Latta wins face-off versus Teemu Hartikainen in neutral zone.
8:16 of 1st period - Wrist shot by Jonathan Blum.
8:16 of 1st period - Deflect By Patrick Wey.
8:16 of 1st period - Stopped by Corey Crawford with a rebound.
9:35 of 1st period - Wrist shot by Brock Trotter.
9:35 of 1st period - Deflect By Petr Straka.
9:35 of 1st period - Shot Blocked by Robert Bortuzzo.
9:35 of 1st period - Puck is out of play.
9:36 of 1st period - Jesper Fast wins face-off versus Michael Latta in Demolitions zone.
9:45 of 1st period - Snap shot by Jeff Skinner.
9:45 of 1st period - Stopped by Karri Ramo with a rebound.
10:33 of 1st period - Snap shot by Petr Straka.
10:33 of 1st period - Shot Misses the Net.
11:05 of 1st period - Justin Falk is hit by Dougie Hamilton and loses puck.
11:14 of 1st period - Slapshot by Slava Voynov.
11:14 of 1st period - Deflect By Nicolas Deslauriers.
11:14 of 1st period - Shot Misses the Net.
11:14 of 1st period - Puck is out of play.
11:15 of 1st period - Corban Knight wins face-off versus Melker Karlsson in Demolitions zone.
11:47 of 1st period - Snap shot by Jesper Fast.
11:47 of 1st period - Shot Blocked by Cameron Schilling.
11:49 of 1st period - Slapshot by Patrick Wey.
11:49 of 1st period - Stopped by Karri Ramo with a rebound.
12:16 of 1st period - Minor Penalty to Brock Trotter for High sticking.
12:17 of 1st period - Michael Latta wins face-off versus Drew Shore in Sasquatch zone.
12:18 of 1st period - Wrist shot by Garnet Hathaway.
12:18 of 1st period - Goal by Garnet Hathaway - Sasquatch : 0 - Demolitions : 2.
12:19 of 1st period - Drew Shore wins face-off versus Michael Latta in neutral zone.
12:46 of 1st period - Snap shot by Petr Straka.
12:46 of 1st period - Deflect By Sergey Kalinin.
12:46 of 1st period - Stopped by Karri Ramo without a rebound.
12:47 of 1st period - Sergey Kalinin wins face-off versus Corban Knight in Demolitions zone.
12:56 of 1st period - Slapshot by Cameron Schilling.
12:56 of 1st period - Stopped by Corey Crawford with a rebound.
12:58 of 1st period - Slapshot by Cameron Schilling.
12:58 of 1st period - Shot Blocked by Slava Voynov.
13:00 of 1st period - Slapshot by Cameron Schilling.
13:00 of 1st period - Stopped by Corey Crawford with a rebound.
13:02 of 1st period - Snap shot by Justin Falk.
13:02 of 1st period - Deflect By Spencer Machacek.
13:02 of 1st period - Shot Blocked by Martin Marincin.
13:02 of 1st period - Martin Marincin from Sasquatch is injured at 13:02 of 1st period (Right Leg).
13:03 of 1st period - Garnet Hathaway wins face-off versus Melker Karlsson in Sasquatch zone.
13:04 of 1st period - Wrist shot by Michael Latta.
13:04 of 1st period - Shot Blocked by Dougie Hamilton.
13:06 of 1st period - Minor Penalty to Teemu Hartikainen for Holding.
13:07 of 1st period - Drew Shore wins face-off versus Michael Latta in Sasquatch zone.
14:27 of 1st period - Icing by Brandon McMillan.
14:28 of 1st period - Sergey Kalinin wins face-off versus Corban Knight in Demolitions zone.
15:06 of 1st period - Penalty to Teemu Hartikainen is over, Teemu Hartikainen is back on ice.
15:11 of 1st period - Slapshot by Drew Shore.
15:11 of 1st period - Goal by Drew Shore - Sasquatch : 1 - Demolitions : 2.
15:12 of 1st period - Michael Latta wins face-off versus Melker Karlsson in neutral zone.
15:15 of 1st period - Snap shot by Erik Cole.
15:15 of 1st period - Goal by Erik Cole - Sasquatch : 1 - Demolitions : 3.
15:16 of 1st period - Garnet Hathaway wins face-off versus Drew Shore in neutral zone.
15:43 of 1st period - Dougie Hamilton is hit by Jonathan Blum and loses puck.
16:06 of 1st period - Snap shot by Billy Sweat.
16:06 of 1st period - Deflect By Andrej Nestrasil.
16:06 of 1st period - Stopped by Corey Crawford without a rebound.
16:07 of 1st period - Drew Shore wins face-off versus Andrej Nestrasil in Sasquatch zone.
16:22 of 1st period - Snap shot by Drew Shore.
16:22 of 1st period - Shot Misses the Net.
16:32 of 1st period - Jonathan Blum is hit by Sergey Kalinin and loses puck.
16:40 of 1st period - Icing by Jonathan Blum.
16:41 of 1st period - Andrej Nestrasil wins face-off versus Melker Karlsson in Demolitions zone.
16:55 of 1st period - Snap shot by Teemu Hartikainen.
16:55 of 1st period - Stopped by Karri Ramo without a rebound.
16:56 of 1st period - Drew Shore wins face-off versus Michael Latta in Demolitions zone.
17:18 of 1st period - Icing by Michael Latta.
17:19 of 1st period - Melker Karlsson wins face-off versus Michael Latta in Demolitions zone.
17:51 of 1st period - Slapshot by Justin Falk.
17:51 of 1st period - Shot Blocked by Drew Shore.
17:53 of 1st period - Slapshot by Cameron Schilling.
17:53 of 1st period - Shot Misses the Net.
17:55 of 1st period - Slapshot by Justin Falk.
17:55 of 1st period - Shot Misses the Net.
18:31 of 1st period - Snap shot by Melker Karlsson.
18:31 of 1st period - Goal by Melker Karlsson - Sasquatch : 2 - Demolitions : 3.
18:32 of 1st period - Drew Shore wins face-off versus Michael Latta in neutral zone.
18:34 of 1st period - Dougie Hamilton is hit by Michael Latta.
18:48 of 1st period - Michael Latta is hit by Patrick Wey.
18:58 of 1st period - Jonathan Blum is hit by Petr Straka.
19:22 of 1st period - Snap shot by Teemu Hartikainen.
19:22 of 1st period - Stopped by Karri Ramo without a rebound.
19:23 of 1st period - Andrej Nestrasil wins face-off versus Matt Halischuk in Demolitions zone.
19:50 of 1st period - Jesper Fast is hit by Seth Helgeson and loses puck.
Goals for this period are 2 for Sasquatch vs 3 for Demolitions.
Shots for this period are 11 for Sasquatch vs 9 for Demolitions.
2nd period
0:01 of 2nd period - Drew Shore wins face-off versus Michael Latta in neutral zone.
0:14 of 2nd period - Slapshot by Michael Latta.
0:14 of 2nd period - Shot Misses the Net.
0:16 of 2nd period - Backhand shot by Garnet Hathaway.
0:16 of 2nd period - Stopped by Corey Crawford with a rebound.
0:26 of 2nd period - Seth Helgeson is hit by Patrick Wey.
0:34 of 2nd period - Snap shot by Corban Knight.
0:34 of 2nd period - Stopped by Corey Crawford with a rebound.
0:36 of 2nd period - Snap shot by Cameron Schilling.
0:36 of 2nd period - Shot Misses the Net.
0:43 of 2nd period - Icing by Patrick Wey.
0:44 of 2nd period - Nick Shore wins face-off versus Sergey Kalinin in Sasquatch zone.
0:49 of 2nd period - Slapshot by Lane MacDermid.
0:49 of 2nd period - Stopped by Corey Crawford without a rebound.
0:50 of 2nd period - Nick Shore wins face-off versus Sergey Kalinin in Sasquatch zone.
1:07 of 2nd period - Wrist shot by Brock Trotter.
1:07 of 2nd period - Shot Blocked by Seth Helgeson.
1:15 of 2nd period - Snap shot by Dougie Hamilton.
1:15 of 2nd period - Shot Blocked by Lane MacDermid.
1:17 of 2nd period - Slapshot by Patrick Wey.
1:17 of 2nd period - Shot Blocked by Lane MacDermid.
1:19 of 2nd period - Wrist shot by Brock Trotter.
1:19 of 2nd period - Stopped by Karri Ramo without a rebound.
1:20 of 2nd period - Michael Latta wins face-off versus Drew Shore in Demolitions zone.
1:22 of 2nd period - Minor Penalty to Michael Latta for Hooking.
1:23 of 2nd period - Drew Shore wins face-off versus Corban Knight in Demolitions zone.
1:25 of 2nd period - Slapshot by Dougie Hamilton.
1:25 of 2nd period - Deflect By Drew Shore.
1:25 of 2nd period - Shot Blocked by Justin Falk.
1:25 of 2nd period - Puck is out of play.
1:26 of 2nd period - Drew Shore wins face-off versus Corban Knight in Demolitions zone.
1:35 of 2nd period - Snap shot by Drew Shore.
1:35 of 2nd period - Shot Misses the Net.
2:03 of 2nd period - Slapshot by Dougie Hamilton.
2:03 of 2nd period - Shot Blocked by Jonathan Blum.
2:05 of 2nd period - Snap shot by Brock Trotter.
2:05 of 2nd period - Stopped by Karri Ramo without a rebound.
2:06 of 2nd period - Andrej Nestrasil wins face-off versus Melker Karlsson in Demolitions zone.
2:06 of 2nd period - Andrej Nestrasil is hit by Slava Voynov.
2:30 of 2nd period - Cameron Schilling is hit by Brock Trotter.
2:43 of 2nd period - Slapshot by Dougie Hamilton.
2:43 of 2nd period - Stopped by Karri Ramo with a rebound.
2:45 of 2nd period - Wrist shot by Brock Trotter.
2:45 of 2nd period - Shot Misses the Net.
2:49 of 2nd period - Snap shot by Jesper Fast.
2:49 of 2nd period - Stopped by Karri Ramo with a rebound.
2:59 of 2nd period - Slapshot by Dougie Hamilton.
2:59 of 2nd period - Deflect By Melker Karlsson.
2:59 of 2nd period - Goal by Melker Karlsson - Sasquatch : 3 - Demolitions : 3.
3:00 of 2nd period - Devin Shore wins face-off versus Michael Latta in neutral zone.
3:02 of 2nd period - Off-side.
3:03 of 2nd period - Michael Latta wins face-off versus Devin Shore in neutral zone.
3:08 of 2nd period - Icing by Nicolas Deslauriers.
3:09 of 2nd period - Michael Latta wins face-off versus Devin Shore in Sasquatch zone.
3:46 of 2nd period - Wrist shot by Nicolas Deslauriers.
3:46 of 2nd period - Shot Misses the Net.
3:52 of 2nd period - Slapshot by Patrick Wey.
3:52 of 2nd period - Deflect By Jonathan Blum.
3:52 of 2nd period - Stopped by Karri Ramo without a rebound.
3:53 of 2nd period - Drew Shore wins face-off versus Corban Knight in Demolitions zone.
4:04 of 2nd period - Wrist shot by Drew Shore.
4:04 of 2nd period - Deflect By Jesper Fast.
4:04 of 2nd period - Shot Blocked by Justin Falk.
4:04 of 2nd period - Puck is out of play.
4:05 of 2nd period - Corban Knight wins face-off versus Jeff Skinner in Demolitions zone.
4:35 of 2nd period - Matt Halischuk is hit by Michael Latta and loses puck.
4:48 of 2nd period - Minor Penalty to Michael Latta for High sticking.
4:49 of 2nd period - Matt Halischuk wins face-off versus Corban Knight in Demolitions zone.
5:54 of 2nd period - Cameron Schilling is hit by Melker Karlsson.
6:04 of 2nd period - Erik Cole is hit by Michael Stone and loses puck.
6:15 of 2nd period - Jeff Skinner is hit by Cameron Schilling and loses puck.
6:30 of 2nd period - Justin Falk is hit by Brock Trotter and loses puck.
6:41 of 2nd period - Slapshot by Justin Falk.
6:41 of 2nd period - Deflect By Patrick Wey.
6:41 of 2nd period - Stopped by Corey Crawford without a rebound.
6:42 of 2nd period - Nick Shore wins face-off versus Sergey Kalinin in Sasquatch zone.
6:48 of 2nd period - Penalty to Michael Latta is over, Michael Latta is back on ice.
7:16 of 2nd period - Brock Trotter is hit by Robert Bortuzzo and loses puck.
8:10 of 2nd period - Erik Cole is hit by Jesper Fast.
8:14 of 2nd period - Garnet Hathaway is hit by Jeff Skinner.
8:44 of 2nd period - Robert Bortuzzo is hit by Andrew Campbell and loses puck.
9:01 of 2nd period - Snap shot by Corban Knight.
9:01 of 2nd period - Shot Blocked by Sergey Kalinin.
9:09 of 2nd period - Spencer Machacek is hit by Sergey Kalinin and loses puck.
9:40 of 2nd period - Patrick Wey is hit by Lane MacDermid and loses puck.
9:56 of 2nd period - Icing by Seth Helgeson.
9:57 of 2nd period - Nicolas Deslauriers wins face-off versus Joel Vermin in Demolitions zone.
9:58 of 2nd period - Slapshot by Devin Shore.
9:58 of 2nd period - Shot Misses the Net.
10:00 of 2nd period - Snap shot by Devin Shore.
10:00 of 2nd period - Stopped by Karri Ramo without a rebound.
10:01 of 2nd period - Devin Shore wins face-off versus Andrej Nestrasil in Demolitions zone.
10:08 of 2nd period - Snap shot by Nicolas Deslauriers.
10:08 of 2nd period - Shot Misses the Net.
10:10 of 2nd period - Slapshot by Patrick Wey.
10:10 of 2nd period - Stopped by Karri Ramo with a rebound.
10:12 of 2nd period - Snap shot by Sven Andrighetto.
10:12 of 2nd period - Shot Misses the Net.
10:14 of 2nd period - Wrist shot by Devin Shore.
10:14 of 2nd period - Shot Misses the Net.
10:30 of 2nd period - Snap shot by Garnet Hathaway.
10:30 of 2nd period - Shot Blocked by Patrick Wey.
11:10 of 2nd period - Minor Penalty to Nick Shore for Holding.
11:11 of 2nd period - Drew Shore wins face-off versus Michael Latta in Demolitions zone.
11:14 of 2nd period - Minor Penalty to Drew Shore for Hooking.
11:15 of 2nd period - Jeff Skinner wins face-off versus Michael Latta in Sasquatch zone.
11:23 of 2nd period - Slapshot by Michael Stone.
11:23 of 2nd period - Stopped by Karri Ramo with a rebound.
11:59 of 2nd period - Off-side.
12:00 of 2nd period - Devin Shore wins face-off versus Corban Knight in neutral zone.
12:05 of 2nd period - Wrist shot by Patrick Wey.
12:05 of 2nd period - Shot Misses the Net.
12:07 of 2nd period - Slapshot by Patrick Wey.
12:07 of 2nd period - Shot Misses the Net.
12:11 of 2nd period - Backhand shot by Brock Trotter.
12:11 of 2nd period - Deflect By Devin Shore.
12:11 of 2nd period - Stopped by Karri Ramo with a rebound.
12:15 of 2nd period - Slapshot by Dougie Hamilton.
12:15 of 2nd period - Stopped by Karri Ramo with a rebound.
12:51 of 2nd period - Lane MacDermid is hit by Teemu Hartikainen and loses puck.
13:10 of 2nd period - Penalty to Nick Shore is over, Nick Shore is back on ice.
13:14 of 2nd period - Penalty to Drew Shore is over, Drew Shore is back on ice.
13:29 of 2nd period - Snap shot by Lane MacDermid.
13:29 of 2nd period - Shot Misses the Net.
13:31 of 2nd period - Slapshot by Jonathan Blum.
13:31 of 2nd period - Shot Blocked by Dougie Hamilton.
13:33 of 2nd period - Slapshot by Corban Knight.
13:33 of 2nd period - Stopped by Corey Crawford with a rebound.
13:35 of 2nd period - Slapshot by Seth Helgeson.
13:35 of 2nd period - Shot Misses the Net.
13:39 of 2nd period - Slapshot by Jonathan Blum.
13:39 of 2nd period - Stopped by Corey Crawford with a rebound.
13:41 of 2nd period - Wrist shot by Corban Knight.
13:41 of 2nd period - Shot Misses the Net.
13:43 of 2nd period - Slapshot by Lane MacDermid.
13:43 of 2nd period - Stopped by Corey Crawford without a rebound.
13:44 of 2nd period - Michael Latta wins face-off versus Devin Shore in Sasquatch zone.
13:47 of 2nd period - Wrist shot by Michael Latta.
13:47 of 2nd period - Shot Blocked by Michael Stone.
13:49 of 2nd period - Slapshot by Cameron Schilling.
13:49 of 2nd period - Goal by Cameron Schilling - Sasquatch : 3 - Demolitions : 4.
13:50 of 2nd period - Drew Shore wins face-off versus Michael Latta in neutral zone.
13:55 of 2nd period - Snap shot by Drew Shore.
13:55 of 2nd period - Shot Misses the Net.
14:15 of 2nd period - Jeff Skinner is hit by Seth Helgeson and loses puck.
14:20 of 2nd period - Snap shot by Andrej Nestrasil.
14:20 of 2nd period - Stopped by Corey Crawford without a rebound.
14:21 of 2nd period - Andrej Nestrasil wins face-off versus Matt Halischuk in Sasquatch zone.
14:22 of 2nd period - Slapshot by Justin Falk.
14:22 of 2nd period - Stopped by Corey Crawford with a rebound.
14:43 of 2nd period - Slapshot by Billy Sweat.
14:43 of 2nd period - Stopped by Corey Crawford without a rebound.
14:44 of 2nd period - Sergey Kalinin wins face-off versus Michael Latta in Sasquatch zone.
14:51 of 2nd period - Wrist shot by Brock Trotter.
14:51 of 2nd period - Stopped by Karri Ramo with a rebound.
14:53 of 2nd period - Snap shot by Petr Straka.
14:53 of 2nd period - Stopped by Karri Ramo without a rebound.
14:54 of 2nd period - Michael Latta wins face-off versus Drew Shore in Demolitions zone.
15:01 of 2nd period - Snap shot by Michael Latta.
15:01 of 2nd period - Stopped by Corey Crawford without a rebound.
15:02 of 2nd period - Michael Latta wins face-off versus Drew Shore in Sasquatch zone.
15:11 of 2nd period - Snap shot by Garnet Hathaway.
15:11 of 2nd period - Shot Blocked by Dougie Hamilton.
15:35 of 2nd period - Seth Helgeson is hit by Matt Halischuk and loses puck.
15:52 of 2nd period - Cameron Schilling is hit by Brock Trotter.
16:10 of 2nd period - Wrist shot by Petr Straka.
16:10 of 2nd period - Shot Misses the Net.
16:16 of 2nd period - Michael Stone is hit by Erik Cole and loses puck.
16:29 of 2nd period - Backhand shot by Nick Shore.
16:29 of 2nd period - Shot Misses the Net.
16:31 of 2nd period - Slapshot by Justin Falk.
16:31 of 2nd period - Shot Misses the Net.
16:33 of 2nd period - Slapshot by Justin Falk.
16:33 of 2nd period - Stopped by Corey Crawford with a rebound.
16:35 of 2nd period - Slapshot by Justin Falk.
16:35 of 2nd period - Stopped by Corey Crawford without a rebound.
16:36 of 2nd period - Drew Shore wins face-off versus Corban Knight in Sasquatch zone.
16:36 of 2nd period - Drew Shore is hit by Corban Knight.
16:37 of 2nd period - Drew Shore from Sasquatch is injured at 16:37 of 2nd period (Sports Hernia).
16:38 of 2nd period - Sergey Kalinin wins face-off versus Michael Latta in Sasquatch zone.
17:16 of 2nd period - Snap shot by Corban Knight.
17:16 of 2nd period - Stopped by Corey Crawford with a rebound.
17:35 of 2nd period - Snap shot by Joel Vermin.
17:35 of 2nd period - Stopped by Corey Crawford with a rebound.
17:37 of 2nd period - Slapshot by Dmitri Orlov.
17:37 of 2nd period - Shot Blocked by Michael Stone.
17:39 of 2nd period - Slapshot by Dmitri Orlov.
17:39 of 2nd period - Stopped by Corey Crawford without a rebound.
17:40 of 2nd period - Michael Latta wins face-off versus Sergey Kalinin in Sasquatch zone.
17:49 of 2nd period - Wrist shot by Michael Latta.
17:49 of 2nd period - Shot Misses the Net.
18:29 of 2nd period - Wrist shot by Cameron Schilling.
18:29 of 2nd period - Stopped by Corey Crawford without a rebound.
18:30 of 2nd period - Andrej Nestrasil wins face-off versus Devin Shore in Sasquatch zone.
18:41 of 2nd period - Slapshot by Jonathan Blum.
18:41 of 2nd period - Shot Blocked by Michael Stone.
18:55 of 2nd period - Devin Shore is hit by Spencer Machacek and loses puck.
19:08 of 2nd period - Slapshot by Corban Knight.
19:08 of 2nd period - Stopped by Corey Crawford with a rebound.
19:20 of 2nd period - Wrist shot by Michael Latta.
19:20 of 2nd period - Stopped by Corey Crawford without a rebound.
19:21 of 2nd period - Sergey Kalinin wins face-off versus Michael Latta in Sasquatch zone.
19:26 of 2nd period - Snap shot by Sergey Kalinin.
19:26 of 2nd period - Shot Misses the Net.
19:46 of 2nd period - Robert Bortuzzo is hit by Melker Karlsson and loses puck.
19:57 of 2nd period - Icing by Brandon McMillan.
19:58 of 2nd period - Sergey Kalinin wins face-off versus Spencer Machacek in Demolitions zone.
19:59 of 2nd period - Backhand shot by Jesper Fast.
19:59 of 2nd period - Stopped by Karri Ramo without a rebound.
Goals for this period are 1 for Sasquatch vs 1 for Demolitions.
Shots for this period are 14 for Sasquatch vs 20 for Demolitions.
3rd period
0:01 of 3rd period - Michael Latta wins face-off versus Sergey Kalinin in neutral zone.
1:48 of 3rd period - Justin Falk is hit by Michael Stone.
1:52 of 3rd period - Wrist shot by Devin Shore.
1:52 of 3rd period - Stopped by Karri Ramo without a rebound.
1:53 of 3rd period - Corban Knight wins face-off versus Sergey Kalinin in Demolitions zone.
1:53 of 3rd period - Corban Knight is hit by Sergey Kalinin.
2:07 of 3rd period - Wrist shot by Corban Knight.
2:07 of 3rd period - Shot Misses the Net.
2:09 of 3rd period - Snap shot by Spencer Machacek.
2:09 of 3rd period - Deflect By Corban Knight.
2:09 of 3rd period - Shot Misses the Net.
2:09 of 3rd period - Puck is out of play.
2:10 of 3rd period - Michael Latta wins face-off versus Jesper Fast in Sasquatch zone.
2:37 of 3rd period - Cameron Schilling is hit by Teemu Hartikainen and loses puck.
3:10 of 3rd period - Snap shot by Billy Sweat.
3:10 of 3rd period - Shot Blocked by Devin Shore.
3:10 of 3rd period - Devin Shore from Sasquatch is injured at 3:10 of 3rd period (Strained Right Knee).
3:11 of 3rd period - Sergey Kalinin wins face-off versus Michael Latta in Sasquatch zone.
3:45 of 3rd period - Slapshot by Melker Karlsson.
3:45 of 3rd period - Shot Misses the Net.
4:36 of 3rd period - Wrist shot by Garnet Hathaway.
4:36 of 3rd period - Shot Misses the Net.
4:38 of 3rd period - Slapshot by Seth Helgeson.
4:38 of 3rd period - Shot Misses the Net.
4:40 of 3rd period - Slapshot by Jonathan Blum.
4:40 of 3rd period - Shot Blocked by Jesper Fast.
4:42 of 3rd period - Wrist shot by Erik Cole.
4:42 of 3rd period - Stopped by Corey Crawford without a rebound.
4:43 of 3rd period - Corban Knight wins face-off versus Sergey Kalinin in Sasquatch zone.
4:43 of 3rd period - Corban Knight is hit by Sergey Kalinin.
4:45 of 3rd period - Snap shot by Spencer Machacek.
4:45 of 3rd period - Shot Misses the Net.
5:09 of 3rd period - Erik Cole is hit by Patrick Wey and loses puck.
5:52 of 3rd period - Slapshot by Spencer Machacek.
5:52 of 3rd period - Shot Misses the Net.
6:10 of 3rd period - Snap shot by Erik Cole.
6:10 of 3rd period - Stopped by Corey Crawford with a rebound.
6:53 of 3rd period - Dougie Hamilton is hit by Robert Bortuzzo and loses puck.
7:06 of 3rd period - Garnet Hathaway is hit by Jesper Fast.
7:34 of 3rd period - Brock Trotter is hit by Seth Helgeson.
7:48 of 3rd period - Icing by Jeff Skinner.
7:49 of 3rd period - Corban Knight wins face-off versus Teemu Hartikainen in Sasquatch zone.
7:52 of 3rd period - Snap shot by Corban Knight.
7:52 of 3rd period - Goal by Corban Knight - Sasquatch : 3 - Demolitions : 5.
7:53 of 3rd period - Michael Latta wins face-off versus Sergey Kalinin in neutral zone.
8:01 of 3rd period - Minor Penalty to Jeff Skinner for Roughing.
8:02 of 3rd period - Sergey Kalinin wins face-off versus Michael Latta in Sasquatch zone.
8:02 of 3rd period - Sergey Kalinin is hit by Garnet Hathaway.
8:10 of 3rd period - Snap shot by Erik Cole.
8:10 of 3rd period - Shot Misses the Net.
8:12 of 3rd period - Slapshot by Garnet Hathaway.
8:12 of 3rd period - Shot Hit the Post.
8:14 of 3rd period - Snap shot by Garnet Hathaway.
8:14 of 3rd period - Stopped by Corey Crawford without a rebound.
8:15 of 3rd period - Michael Latta wins face-off versus Sergey Kalinin in Sasquatch zone.
8:16 of 3rd period - Wrist shot by Garnet Hathaway.
8:16 of 3rd period - Stopped by Corey Crawford without a rebound.
8:17 of 3rd period - Sergey Kalinin wins face-off versus Michael Latta in Sasquatch zone.
8:17 of 3rd period - Sergey Kalinin is hit by Garnet Hathaway.
9:06 of 3rd period - Minor Penalty to Andrew Campbell for Slashing.
9:07 of 3rd period - Corban Knight wins face-off versus Sergey Kalinin in Sasquatch zone.
10:01 of 3rd period - Penalty to Jeff Skinner is over, Jeff Skinner is back on ice.
10:03 of 3rd period - Jeff Skinner is hit by Corban Knight and loses puck.
11:06 of 3rd period - Penalty to Andrew Campbell is over, Andrew Campbell is back on ice.
11:06 of 3rd period - Aaron Palushaj is hit by Brock Trotter and loses puck.
11:19 of 3rd period - Snap shot by Andrew Campbell.
11:19 of 3rd period - Goal by Andrew Campbell - Sasquatch : 4 - Demolitions : 5.
11:20 of 3rd period - Corban Knight wins face-off versus Sergey Kalinin in neutral zone.
11:29 of 3rd period - Slapshot by Jesper Fast.
11:29 of 3rd period - Deflect By Sergey Kalinin.
11:29 of 3rd period - Shot Misses the Net.
11:29 of 3rd period - Puck is out of play.
11:30 of 3rd period - Sergey Kalinin wins face-off versus Corban Knight in Demolitions zone.
12:20 of 3rd period - Snap shot by Andrew Campbell.
12:20 of 3rd period - Shot Blocked by Justin Falk.
12:22 of 3rd period - Wrist shot by Andrew Campbell.
12:22 of 3rd period - Shot Misses the Net.
12:24 of 3rd period - Snap shot by Michael Stone.
12:24 of 3rd period - Stopped by Karri Ramo with a rebound.
12:26 of 3rd period - Slapshot by Michael Stone.
12:26 of 3rd period - Shot Misses the Net.
12:33 of 3rd period - Minor Penalty to Cameron Schilling for Slashing.
12:34 of 3rd period - Michael Latta wins face-off versus Teemu Hartikainen in Demolitions zone.
12:34 of 3rd period - Michael Latta is hit by Matt Halischuk.
14:33 of 3rd period - Penalty to Cameron Schilling is over, Cameron Schilling is back on ice.
14:38 of 3rd period - Slava Voynov is hit by Joel Vermin and loses puck.
15:01 of 3rd period - Sven Andrighetto is hit by Spencer Machacek and loses puck.
18:50 of 3rd period - Sasquatch, Corey Crawford is pulled from the net.
19:04 of 3rd period - Wrist shot by Sergey Kalinin.
19:04 of 3rd period - Shot Blocked by Seth Helgeson.
19:06 of 3rd period - Snap shot by Sergey Kalinin.
19:06 of 3rd period - Shot Misses the Net.
19:08 of 3rd period - Slapshot by Sven Andrighetto.
19:08 of 3rd period - Deflect By Andrew Campbell.
19:08 of 3rd period - Shot Misses the Net.
19:08 of 3rd period - Puck is out of play.
19:09 of 3rd period - Dave Tippett call a timeout for Sasquatch.
19:09 of 3rd period - Sergey Kalinin wins face-off versus Michael Latta in Demolitions zone.
19:22 of 3rd period - Slapshot by Sergey Kalinin.
19:22 of 3rd period - Stopped by Karri Ramo without a rebound.
19:23 of 3rd period - Michael Latta wins face-off versus Sergey Kalinin in Demolitions zone.
19:38 of 3rd period - Wrist shot by Sergey Kalinin.
19:38 of 3rd period - Deflect By Andrew Campbell.
19:38 of 3rd period - Shot Misses the Net.
19:38 of 3rd period - Puck is out of play.
19:39 of 3rd period - Andrew Campbell wins face-off versus Michael Latta in Demolitions zone.
19:44 of 3rd period - Snap shot by Andrew Campbell.
19:44 of 3rd period - Stopped by Karri Ramo without a rebound.
19:45 of 3rd period - Sergey Kalinin wins face-off versus Michael Latta in Demolitions zone.
19:46 of 3rd period - Snap shot by Andrew Campbell.
19:46 of 3rd period - Shot Blocked by Justin Falk.
19:48 of 3rd period - Wrist shot by Sergey Kalinin.
19:48 of 3rd period - Stopped by Karri Ramo with a rebound.
19:50 of 3rd period - Slapshot by Sergey Kalinin.
19:50 of 3rd period - Shot Misses the Net.
19:52 of 3rd period - Wrist shot by Sergey Kalinin.
19:52 of 3rd period - Shot Misses the Net.
19:54 of 3rd period - Backhand shot by Sven Andrighetto.
19:54 of 3rd period - Stopped by Karri Ramo with a rebound.
19:56 of 3rd period - Snap shot by Andrew Campbell.
19:56 of 3rd period - Shot Misses the Net.
19:58 of 3rd period - Backhand shot by Sven Andrighetto.
19:58 of 3rd period - Stopped by Karri Ramo with a rebound.
Goals for this period are 1 for Sasquatch vs 1 for Demolitions.
Shots for this period are 8 for Sasquatch vs 5 for Demolitions.
Back to the Top